 Dungeon Crawl Stone Soup version 0.27-a0-1308-gc08437e49b (webtiles) character file.

Game seed: 14364232874609988443

5889 mordus the Cleaver (level 10, 0/84 HPs)
             Began as a Yellow Draconian Monk on June 18, 2021.
             Was a Believer of Qazlal.
             Slain by an orc priest (10 damage)
             ... on level 7 of the Dungeon.
             The game lasted 00:17:26 (8690 turns).

mordus the Cleaver (Yellow Draconian Monk)          Turns: 8690, Time: 00:17:27

Health: 0/84       AC: 11    Str: 14 (17) XL:     10   Next: 53%
Magic:  15/15      EV: 15    Int:  9 (11) God:    Qazlal [**....]
Gold:   431        SH:  3    Dex: 12 (13) Spells: 9/9 levels left

rFire    . . .     SeeInvis .   C - +3 hand axe (vorpal)
rCold    + . .     Faith    .   (no shield)
rNeg     . . .     Spirit   .   (armour unavailable)
rPois    .         Reflect  .   (helmet restricted)
rElec    .         Harm     .   q - +2 cloak
rCorr    +         Rampage  .   (no gloves)
Will     .....                  j - +0 pair of boots
Stlth    +.........             (no amulet)
HPRegen  0.24/turn              (no ring)
MPRegen  0.14/turn              (no ring)

@: short of breath
A: spit acid, AC +7, unfitting armour, cold-blooded, acid resistance, stinger 1,
cold resistance 1
a: Breathe Acid, Renounce Religion, Upheaval


You were on level 7 of the Dungeon.
You worshipped Qazlal.
Qazlal was pleased with you.
You visited 1 branch of the dungeon, and saw 7 of its levels.

You collected 431 gold pieces.

Inventory:

Hand Weapons
 a - a +0 hand axe
 C - a +3 vorpal hand axe (weapon)
Missiles
 g - 2 curare-tipped darts
 l - 7 atropa-tipped darts
 p - 32 poisoned darts (quivered)
Armour
 j - a +0 pair of boots (worn)
 q - a +2 cloak (worn)
Jewellery
 f - a +6 ring of intelligence
Wands
 d - a wand of iceblast (7)
 r - a wand of acid (8)
 s - a wand of flame (24)
Scrolls
 b - a scroll of teleportation
 m - a scroll of fog
 n - a scroll of identify
 o - a scroll of torment {unknown}
Potions
 c - 2 potions of might
 e - a potion of invisibility
 h - 2 potions of heal wounds
 i - a potion of haste
 k - 5 potions of lignification
 t - 5 potions of curing
 A - a potion of ambrosia


   Skills:
 - Level 6.8 Fighting
 * Level 14.1 Axes
 + Level 7.8 Dodging
 - Level 1.7 Stealth
 + Level 6.9 Invocations


You had 9 spell levels left.
You didn't know any spells.
Your spell library contained the following spells:

 Spells                   Type           Power      Damage    Failure   Level
 Animate Skeleton         Necr           0%         N/A       38%         1
 Beastly Appendage        Tmut           0%         N/A       38%         1
 Pain                     Necr           0%         1d4       38%         1
 Wereblood                Tmut           0%         N/A       52%         2
 Spider Form              Tmut/Pois      0%         N/A       77%         3
 Vampiric Draining        Necr           0%         2d6       77%         3
 Animate Dead             Necr           0%         N/A       99%         4
 Ice Form                 Ice/Tmut       0%         N/A       99%         4
 Agony                    Necr           0%         N/A       100%        5


Dungeon Overview and Level Annotations

Branches:
Dungeon (7/15)
 Temple: D:4-7

Altars:
Okawaru
Qazlal
Uskayaw
The Shining One

Shops:
D:4 [   D:7 [


Innate Abilities, Weirdness & Mutations

You can spit globs of acid.
Your golden yellow scales are hard. (AC +7)
You cannot fit into any form of body armour.
You are cold-blooded and may be slowed by cold attacks.
You are resistant to acid. (rCorr)
Your tail ends in a poisonous barb.
Your flesh is cold resistant. (rC+)


Message History

There is an open door here.
There is a stone staircase leading down here.
You climb downwards.
The orc wizard casts a spell at you.
You are confused.
There is a stone staircase leading up, spattered with blood here.
You are too injured to fight recklessly!
The orc priest calls down the wrath of Beogh upon you.
Beogh smites you!
* * * LOW HITPOINT WARNING * * *
The orc wizard hits you with a +0 hand axe.
* * * LOW HITPOINT WARNING * * *
The orc priest hits you but does no damage.
The orc wizard hits you but does no damage.
The orc priest barely misses you. The orc wizard barely misses you.
The orc priest hits you with the +9 spear of Doom {vamp, Fragile rC++ Will+ Str+3}.
* * * LOW HITPOINT WARNING * * *
The orc wizard points at you and mumbles some strange words.
You easily resist.
You are too confused!
The orc priest barely misses you. The orc wizard barely misses you.
You hit the orc priest but do no damage.
The orc priest is heavily wounded.
You hit the orc wizard.
You bump into the closed door.
You feel less confused.
The orc priest hits you but does no damage.
The orc wizard hits you with a +0 hand axe.
* * * LOW HITPOINT WARNING * * *
Press: ? - help, Shift-Dir - straight line, f - orc wizard
Aim: an orc wizard, wielding a +0 hand axe and wearing a +0 robe (almost dead)
You spit a glob of acid.
The glob of acid misses the orc wizard.
The orc priest begins to cast a cantrip, but forgets the words!
The orc wizard misses you.
You hit the orc priest.
You tail-slap the orc priest, but do no damage.
The orc priest is almost dead.
You closely miss the orc wizard.
The orc priest hits you with the +9 spear of Doom {vamp, Fragile rC++ Will+ Str+3}!
You die...

#.. ...........
#.###########.###
#.#.............# ..#######
#.#.###########.#
........#########.#.# #.#
........##.....##.#.# #.#
.........'....<.....# #.#
........##......o...# #.#
......).##......@o..# #.#
........#########+#.# #.#
........### ##.#.#### #.#
#.........# #.......# #
#.........# #.......# #
#.........######o......#####
#
...........................
# .........................#
# #.........#######........#
#


You could see an orc priest and an orc wizard.

Vanquished Creatures
  Pikel (D:7)
  A troll (D:6)
  Eustachio (D:4)
  3 sky beasts
  An ogre (D:6)
  3 centaurs
  3 lemures (D:7)
  A phantom (D:6)
  A bullfrog (D:6)
  A gnoll sergeant (D:6)
  A scorpion (D:5)
  4 howler monkeys
  An orc priest (D:4)
  8 hounds
  2 jellies (D:6)
  A bullfrog skeleton (D:6)
  An iguana (D:6)
  Natasha (thrice) (D:4)
  9 orc wizards
  2 hound skeletons (D:4)
  A hound zombie (D:5)
  A howler monkey zombie (D:5)
  Robin (D:4)
  19 gnolls
  A howler monkey skeleton (D:5)
  3 adders
  A shadow imp (D:6)
  An adder skeleton (D:5)
  2 worms
  3 dart slugs
  17 orcs
  9 bats
  8 endoplasms
  5 giant cockroaches
  10 goblins
  7 hobgoblins
  3 jackals (D:1)
  2 quokkas
  3 ball pythons
  2 frilled lizards (D:2)
  8 kobolds
155 creatures vanquished.

Notes
Turn   | Place    | Note
-------+----------+-------------------------------------------
     0 | D:1      | mordus the Draconian Monk began the quest for the Orb.
     0 | D:1      | Reached XP level 1. HP: 19/19 MP: 1/1
   466 | D:1      | Reached XP level 2. HP: 24/26 MP: 2/2
  1039 | D:1      | Reached XP level 3. HP: 21/31 MP: 3/3
  1310 | D:1      | Found a faded altar of an unknown god.
  1417 | D:2      | Reached skill level 4 in Axes
  2266 | D:3      | Noticed a sky beast
  2349 | D:2      | Killed a sky beast
  2350 | D:2      | Reached skill level 5 in Axes
  2350 | D:2      | Reached XP level 4. HP: 26/38 MP: 4/4
  2350 | D:2      | Reached XP level 5. HP: 31/45 MP: 5/5
  2976 | D:4      | Found Uruelid's Armour Boutique.
  3229 | D:4      | Noticed Natasha
  4090 | D:4      | Killed Natasha
  4221 | D:4      | Noticed Natasha
  4230 | D:4      | Killed Natasha
  4231 | D:4      | Reached XP level 6. HP: 15/51 MP: 6/6
  4466 | D:4      | Noticed Robin
  4488 | D:4      | Killed Robin
  4490 | D:4      | Reached skill level 6 in Axes
  4684 | D:4      | Found a glowing golden altar of the Shining One.
  4704 | D:4      | Noticed Eustachio
  4840 | D:4      | Noticed Natasha
  4856 | D:4      | Killed Natasha
  5270 | D:4      | Killed Eustachio
  5271 | D:4      | Your scales start taking on a golden yellow colour.
  5271 | D:4      | Reached XP level 7. HP: 24/57 MP: 7/7
  5271 | D:4      | Gained mutation: You are resistant to acid. (rCorr) [Yellow
                  | Draconian growth]
  5577 | D:5      | Entered Level 5 of the Dungeon
  5634 | D:5      | Reached skill level 7 in Axes
  5837 | D:5      | Reached skill level 5 in Dodging
  5911 | D:5      | Found a stormy altar of Qazlal.
  5948 | D:5      | Became a worshipper of Qazlal Stormbringer
  5948 | D:5      | Reached * piety under Qazlal
  5948 | D:5      | Reached ** piety under Qazlal
  6015 | D:6      | Reached skill level 1 in Invocations
  6073 | D:5      | Reached skill level 8 in Axes
  6073 | D:5      | Reached XP level 8. HP: 46/63 MP: 9/9
  6235 | D:5      | Reached skill level 11 in Axes
  6235 | D:5      | Reached XP level 9. HP: 78/78 MP: 9/13
  6236 | D:5      | Reached skill level 13 in Axes
  6236 | D:5      | Reached XP level 10. HP: 84/84 MP: 9/14
  7162 | D:6      | Found an iron altar of Okawaru.
  7368 | D:6      | Gained mutation: Your flesh is cold resistant. (rC+)
                  | [potion of mutation]
  7368 | D:6      | Gained mutation: Your tail ends in a poisonous barb.
                  | [potion of mutation]
  7633 | D:6      | Reached skill level 14 in Axes
  8168 | D:6      | Found a hide-covered altar of Uskayaw.
  8325 | D:7      | Found Bauhia's Armour Shop.
  8337 | D:7      | Noticed Pikel
  8365 | D:7      | Killed Pikel
  8635 | D:7      | Identified the +9 spear of Doom {vamp, Fragile rC++ Will+
                  | Str+3}
  8690 | D:7      | Slain by an orc priest

Illustrated notes

Levels and vault maps discovered:
D:1:      dpeg_arrival_chambers_temple_mockup, layout_loops_cross,
          shapermc_ecumenical_altar_hornbeckon, hangedman_decor_points
D:2:      layout_loops_cross
D:3:      layout_rooms
D:4:      layout_basic, lemuel_tele_altar, serial_shops, shop, uniq_eustachio,
          uniq_natasha, uniq_robin
D:5:      layout_basic, general_overflow_altar
D:6:      layout_gridville, nicolae_overflow_hidden_temple,
          kennysheep_okawaru_gauntlet
D:7:      layout_basic, minmay_temple_entry_waves, kennysheep_small_circle,
          uniq_pikel, uniq_crazy_yiuf_cottage

Skill      XL: |  1  2  3  4  5  6  7  8  9 10 |
---------------+-------------------------------+-----
Dodging        | 3 4 5 7 |  7.8
Axes           | 5 6 8 11 13 14 | 14.1
Invocations    | 2 6 |  6.9
Fighting       | 6 |  6.8
Stealth        | |  1.7

Action                   |  1- 3 |  4- 6 |  7- 9 | 10-12 || total
-------------------------+-------+-------+-------+-------++-------
Melee: Hand axe          |   150 |   204 |   108 |   181 ||   643
       Tailslap          |    17 |    26 |    18 |    28 ||    89
Throw: Dart              |       |     7 |       |       ||     7
Invok: Upheaval          |       |       |       |     2 ||     2
 Abil: Breathe Acid      |       |       |     5 |     7 ||    12
  Use: Scroll            |       |       |    15 |     2 ||    17
       Potion            |       |       |     2 |     7 ||     9
 Stab: Sleeping          |     8 |       |       |       ||     8
Armor: Skin              |    56 |    74 |    36 |    58 ||   224
Dodge: Dodged            |   105 |   175 |    58 |   125 ||   463
Block: Other             |       |       |     6 |    23 ||    29

Table legend: (Time is in decaauts)
 A = Elapsed time spent in this place.
 B = Non-inter-level travel time spent in this place.
 C = Inter-level travel time spent in this place.
 D = Time resting spent in this place.
 E = Time spent auto-exploring this place.
 F = Levels seen in this place.
 G = Mean time per level.
                   A        B        C        D        E       F      G
               +--------+--------+--------+--------+--------+-----+--------+
         Total |   8642 |   8459 |    183 |   1812 |   4846 |   7 | 1234.6 |
       Dungeon |   8642 |   8459 |    183 |   1812 |   4846 |   7 | 1234.6 |
               +--------+--------+--------+--------+--------+-----+--------+

Top non-repeatable levels by time:
     D:4: 1990 daAuts
     D:5: 1385 daAuts
     D:1: 1378 daAuts
     D:6: 1211 daAuts
     D:3: 1185 daAuts
     D:2: 1055 daAuts
     D:7: 436 daAuts
